 Dungeon Crawl Stone Soup version 0.22.1-1-ga44c0e56f4 (webtiles) character file.

80 Nixze the Conjurer (level 4, -5/24 HPs)
             Began as a Deep Elf Conjurer on Oct 28, 2018.
             Slain by a goblin
             ... wielding a +0 club
             ... led by Robin
              (6 damage)
             ... on level 2 of the Dungeon.
             The game lasted 00:09:09 (1625 turns).

Nixze the Conjurer (Deep Elf Conjurer)              Turns: 1625, Time: 00:09:09

Health: -5/24      AC:  2    Str:  5    XL:     4   Next: 18%
Magic:  2/10       EV: 13    Int: 21    God:
Gold:   85         SH:  0    Dex: 15    Spells: 5/9 levels left

rFire    . . .     SeeInvis .   l - +0 short sword
rCold    . . .     Gourm    .   (no shield)
rNeg     . . .     Faith    .   a - +0 robe
rPois    .         Spirit   .   (no helmet)
rElec    .         Reflect  .   (no cloak)
rCorr    .         Harm     .   (no gloves)
MR       +....                  (no boots)
Stlth    ++........             (no amulet)
HPRegen  0.08/turn              i - ring of protection from magic
MPRegen  0.12/turn              (no ring)

@: no status effects
A: no striking features
a: no special abilities


You were on level 2 of the Dungeon.
You were very hungry.

You visited 1 branch of the dungeon, and saw 2 of its levels.

You collected 85 gold pieces.

Inventory:

Hand Weapons
 f - a +0 hunting sling
 l - a +0 short sword (weapon)
Missiles
 n - 114 stones (quivered)
Armour
 a - a +0 robe (worn)
 d - +0 fire dragon scales
Jewellery
 i - a ring of protection from magic (left hand)
Wands
 m - a wand of enslavement (15)
Scrolls
 b - a scroll of fog {unknown}
 e - a scroll of teleportation {unknown}
 g - 4 scrolls of identify {unknown}
 j - 2 scrolls of enchant armour {unknown}
 k - 2 scrolls of remove curse {unknown}
Potions
 h - a potion of degeneration {unknown}
Comestibles
 c - 4 rations


   Skills:
 + Level 2.6 Dodging
 + Level 2.5 Stealth
 * Level 3.2 Spellcasting
 - Level 6.0 Conjurations
 * Level 1.0 Hexes


You had 5 spell levels left.
You knew the following spells:

 Your Spells              Type           Power        Failure   Level  Hunger
a - Magic Dart            Conj           ####         1%          1    None
b - Dazzling Spray        Conj/Hex       ###...       9%          3    ###....

Your spell library contained the following spells:

 Spells                   Type           Power        Failure   Level  Hunger
 Searing Ray              Conj           ####..       1%          2    ##.....
 Iskenderun's Mystic Bla  Conj           ####....     11%         4    ####...
 Fulminant Prism          Conj/Hex       ###.......   30%         4    ####...
 Force Lance              Conj/Tloc      ###.....     36%         4    ####...


Dungeon Overview and Level Annotations

Branches:
Dungeon (2/15)

Altars:
Elyvilon
Nemelex Xobeh
Xom

Annotations:
D:2 Robin


Message History

The magic dart hits the goblin.
You kill the goblin!
Your Hexes skill increases to level 1!
You start resting.
Robin is too close now for your liking. 2 goblins come into view.
The goblin shouts!
You hear a shout!
Robin barely misses you.
Robin points. "Kill!"
Robin hits you with a mace!
* * * LOW HITPOINT WARNING * * *
The goblin no longer looks unusually strong. x2
Robin roars a battlecry!
The goblins go into a battle-frenzy!
The goblin shouts!
A goblin comes into view. It is wielding a club.
Robin throws the goblin at you! The goblin closely misses you.
You see here a stone.
The goblin hits you with a club.
You die...

....†.................#
.......g..##g.........#
...####...##..........#
.#.####...##..........####
.........))..............#
...##.#####)....g........#
.####.# #...g..........# ....'.#
###.###.(........# .####.#
#...###g@(.......#
......###....##..################
..###......_......######........#
..####..##....###.....##.######.#
........###...# #.....##.# #.#
........###.### #.....##.# #.#
............# #.....##.# #.#
............#####........# #.#
......................#########.#


You could see Robin and 3 goblins.

Vanquished Creatures
  2 adders (D:2)
  An adder skeleton (D:2)
  A dart slug (D:1)
  A leopard gecko (D:1)
  4 bats
  3 giant cockroaches
  9 goblins
  8 hobgoblins
  8 jackals
  A quokka (D:2)
  A ball python (D:2)
  A frilled lizard (D:2)
  2 kobolds (D:1)
  6 rats (D:1)
48 creatures vanquished.

Notes
Turn   | Place    | Note
-------+----------+-------------------------------------------
     0 | D:1      | Nixze the Deep Elf Conjurer began the quest for the Orb.
     0 | D:1      | Reached XP level 1. HP: 10/10 MP: 6/6
   113 | D:1      | Reached XP level 2. HP: 15/15 MP: 6/8
   147 | D:1      | Reached skill level 5 in Conjurations
   409 | D:1      | Reached XP level 3. HP: 19/19 MP: 1/9
   493 | D:1      | Learned a level 3 spell: Dazzling Spray
   825 | D:2      | Found a shimmering altar of Xom.
   845 | D:2      | Found a white marble altar of Elyvilon.
   858 | D:2      | Found a sparkling altar of Nemelex Xobeh.
  1060 | D:2      | Reached skill level 6 in Conjurations
  1417 | D:2      | Reached XP level 4. HP: 24/24 MP: 6/10
  1567 | D:2      | Noticed Robin
  1611 | D:2      | Reached skill level 1 in Hexes
  1621 | D:2      | HP: 1/24 [Robin/mace (7)]
  1625 | D:2      | Slain by a goblin

Skill      XL: |  1  2  3  4 |
---------------+-------------+-----
Conjurations   | 5 6 |  6.0
Hexes          | 1 |  1.0
Dodging        | |  2.6
Stealth        | |  2.5
Spellcasting   | |  3.2

Action                   |  1- 3 |  4- 6 || total
-------------------------+-------+-------++-------
Melee: Mace              |    15 |       ||    15
       Short sword       |     6 |    12 ||    18
 Cast: Magic Dart        |    65 |    17 ||    82
  Eat: Chunk             |     1 |       ||     1
Armor: Robe              |     4 |     5 ||     9
Dodge: Dodged            |    25 |    11 ||    36
